 Dungeon Crawl Stone Soup version 0.30.1-4-g462c640d31 (webtiles) character file.

Game seed: 14340565806114940177

33 growler the Gusty (level 3, -4/19 HPs)
             Began as a Tengu Air Elementalist on Sept 10, 2023.
             Killed from afar by Natasha (11 damage)
             ... with a magic dart
             ... on level 2 of the Dungeon.
             The game lasted 00:02:13 (965 turns).

growler the Gusty (Tengu Air Elementalist)           Turns: 965, Time: 00:02:13

Health: -4/19      AC:  0    Str:  8    XL:     3   Next: 29%
Magic:  6/7        EV: 19    Int: 17    God:
Gold:   42         SH:  0    Dex: 19    Spells: 1/7 levels left

rFire   . . .        (weapon currently unavailable)
rCold   . . .        (shield currently unavailable)
rNeg    . . .        a - melded +0 robe
rPois   .            (helmet currently unavailable)
rElec   .            (cloak currently unavailable)
rCorr   .            (gloves currently unavailable)
SInv    .            (boots unavailable)
Will    .....        (no amulet)
Stlth   ++           (ring currently unavailable)
HPRegen 0.23/turn    (ring currently unavailable)
MPRegen 0.10/turn

%: no passive effects
@: bat-form, flying, very quick
A: fast, flying, no casting, tiny, (beak), (talons 3)
a: no special abilities


You were on level 2 of the Dungeon.
You were a bat.
You visited 1 branch of the dungeon, and saw 2 of its levels.

You collected 42 gold pieces.

Inventory:

Armour
 a - a +0 robe (melded)
Jewellery
 d - a +6 ring of intelligence
 e - a ring of positive energy
Scrolls
 f - a scroll of noise {unknown}
 h - 2 scrolls of identify {unknown}
Potions
 b - a potion of magic
 c - 2 potions of curing {unknown}
 g - a potion of heal wounds {unknown}


   Skills:
 - Level 2.1 Dodging
 - Level 2.0 Stealth
 + Level 2.5 Spellcasting
 + Level 2.6 Conjurations
 + Level 4.6 Air Magic


You had one spell level left.
You knew the following spells:

 Your Spells              Type           Power      Damage    Failure   Level
a - Shock                 Conj/Air       56%        1d6       4%          1
b - Static Discharge      Conj/Air       28%        2-4/arc   6%          2
c - Swiftness             Air            17%        N/A       9%          3

Your spell library contained the following spells:

 Spells                   Type           Power      Damage    Failure   Level
 Airstrike                Air            8%         2d(2-18)  26%         4


Dungeon Overview and Level Annotations

Branches:
Dungeon (2/15)

Altars:

Annotations:
D:2 Natasha


Innate Abilities, Weirdness & Mutations

You are a bat.
You are tiny and dextrous.
You move quickly.
You are flying.
Your equipment is almost entirely melded.
You are incapable of wielding weapons or throwing items.
You cannot cast spells.
((You have a beak for a mouth.))
((You have claws for feet.))


Message History

You kill the endoplasm!
Magic restored.
Found an escape hatch in the ceiling.
h - a scroll labelled YDEORE ZIFOB
Found a leather armour.
h - 2 scrolls labelled YDEORE ZIFOB (gained 1)
A bat comes into view.
A bat is nearby!
The zap hits the bat.
The bat is moderately wounded.
A bat is nearby!
The zap misses the bat.
The zap hits the bat.
You kill the bat!
Found a stone staircase leading up.
Natasha, Servant of Life and Death comes into view.
She is carrying a wand of polymorph (9).
Found a scroll labelled DALEHI XOHYE.
Natasha hisses angrily.
Natasha zaps a wand.
You resist with significant effort.
The zap misses Natasha.
Natasha zaps a wand.
You turn into a bat.
Your +0 robe melds into your body.
You can't do that in your present form.
You hit Natasha.
Natasha is lightly wounded.
Natasha barely misses you.
You hit Natasha but do no damage.
Natasha is lightly wounded.
Natasha claws you.
You hit Natasha but do no damage.
Natasha is lightly wounded.
Natasha claws you.
You hit Natasha but do no damage.
Natasha is lightly wounded.
Natasha casts a spell.
Natasha closely misses you.
The cerulean imp hits you from afar with a +2 spear.
Natasha casts a spell at you. The magic dart hits you!
Ouch! That really hurt!
You die...

#....#...# #....#...# .
#... #....#...# ..
...... ##....#... ...
..... .?......:##..
....### .##........
.....#
....<....####+####....#
#.....b.h5..<...#....##
+..............#........
###..................#..
..!.#####............#..
... #..............#..
.. #....####......... .
#....####.....#...
######........#...
#.....####...


You could see Natasha and a cerulean imp (summoned).

Vanquished Creatures
  A gnoll (D:1)
  4 endoplasms
  A giant cockroach (D:1)
  A goblin (D:1)
  3 hobgoblins (D:1)
  2 jackals (D:1)
  2 quokkas (D:1)
  3 bats
  2 frilled lizards (D:1)
  2 rats (D:1)
21 creatures vanquished.

Notes
Turn   | Place    | Note
-------+----------+-------------------------------------------
     0 | D:1      | growler the Tengu Air Elementalist began the quest for the
                  | Orb.
     0 | D:1      | Reached XP level 1. HP: 10/10 MP: 4/4
   197 | D:1      | Reached XP level 2. HP: 15/15 MP: 1/6
   200 | D:1      | Learned a level 2 spell: Static Discharge
   427 | D:1      | Reached XP level 3. HP: 11/19 MP: 0/7
   837 | D:1      | Learned a level 3 spell: Swiftness
   955 | D:2      | Noticed Natasha
   965 | D:2      | Killed from afar by Natasha

Illustrated notes

Levels and vault maps discovered:
D:1:      psy_arrival_basics, layout_rooms, minmay_misc_feat_x
D:2:      layout_basic, dreamdust_ecumenical_altar_statues,
          minmay_misc_feat_enclosed, uniq_natasha

Skill      XL: |  1 |
---------------+----+-----
Conjurations   | 2 |  2.6
Dodging        | |  2.1
Stealth        | |  2.0
Spellcasting   | |  2.5
Air Magic      | |  4.6

Action                     || total
---------------------------++-------
  Melee: Unarmed           ||    10
         Kick              ||     1
         Peck              ||     1
   Cast: Shock             ||    43
         Static Discharge  ||     1
 Armour: Robe              ||     2
  Dodge: Dodged            ||     9
